AoeStats
← thinker

MegaRandom

505571111Analyzed
4v4 RM · 21d ago on Sep 10, 2026· 39m 23s· 8 players
Game mode
Random Map
Map size
Large (8 player)
Population
200
Speed
Normal
Resources
Standard
Victory
Conquest
Starting age
Dark Age
Ending age
Imperial Age
RankedLock teamsTeams togetherTeam positionsShared explorationLock speedFull tech treeHidden civsTurbo modeCheats
Victory
Defeat
🇺🇸 Malay · United States
956
+14
🇺🇸 Japanese · United States
954
+14
🇨🇳 Khmer · China
933
+15
🇲🇽 Khmer · Mexico
838
+18
🇭🇰 Franks · Hong Kong SAR China
920
-17
🇧🇷 Tupi · Brazil
906
-15
900
-15
🇧🇷 Bulgarians · Brazil
878
-14
make wall ,door and market well?
Toka
1:08 Loom
13:52 Feudal Age
15:00 Horse Collar
16:19 Double-Bit Axe
19:40 Fletching
30:15 Castle Age
30:26 Crossbowman
33:33 Bodkin Arrow
34:21 Ballistics
34:32 Murder Holes
NeverArabia
11:24 Loom
14:07 Feudal Age
14:54 Arson
2487664814
2:39 Loom
14:24 Feudal Age
16:19 Double-Bit Axe
19:54 Castle Age
18:17 Scale Barding Armor
24:18 Wheelbarrow
27:13 Bow Saw
28:57 Forging
31:33 Iron Casting
32:03 Husbandry
33:03 Chain Barding Armor
32:10 Light Cavalry
36:11 Gold Mining
CostaldePapas
2:16 Loom
9:45 Feudal Age
17:32 Castle Age
17:58 Double-Bit Axe
29:23 Imperial Age
29:11 Forging
29:07 Scale Barding Armor
29:10 Tusk Swords
29:56 Husbandry
30:07 Bloodlines
30:35 Iron Casting
31:34 Bow Saw
31:27 Horse Collar
32:35 Chain Barding Armor
33:17 Gold Mining
33:18 Stone Mining
33:30 Heavy Plow
36:09 Blast Furnace
35:44 Plate Barding Armor
36:52 Gold Shaft Mining
38:57 Elite Battle Elephant
Richard Nixon
0:52 Loom
11:51 Feudal Age
12:18 Man-at-Arms
13:26 Arson
15:07 Double-Bit Axe
17:43 Wheelbarrow
21:17 Castle Age
21:24 Forging
22:07 Scale Mail Armor
22:38 Bow Saw
22:19 Horse Collar
23:03 Squires
23:28 Chain Mail Armor
24:24 Fishing Lines
25:59 Heavy Plow
27:52 Hand Cart
29:01 Iron Casting
34:21 Imperial Age
34:06 Gold Mining
35:29 Pikeman
37:25 Conscription
40:08 Conscription
Goob
1:50 Loom
12:04 Feudal Age
11:44 Double-Bit Axe
20:43 Castle Age
21:26 Forging
24:14 Scale Barding Armor
33:53 Pikeman
40:13 Imperial Age
39:07 Cavalier
thinker
0:39 Loom
11:41 Feudal Age
17:04 Castle Age
15:35 Double-Bit Axe
15:32 Horse Collar
15:34 Fishing Lines
18:00 Gillnets
22:19 Husbandry
22:30 Bloodlines
22:45 Scale Barding Armor
22:51 Forging
24:06 Bow Saw
23:59 Heavy Plow
27:33 Wheelbarrow
29:45 Padded Archer Armor
29:36 Fletching
30:20 Hand Cart
31:45 Tusk Swords
35:39 Stone Mining
35:45 Gold Mining
41:34 Imperial Age
40:02 Ballistics
Connection lost

Rejoining the realm…

Still unreachable

The connection could not be restored.

Session expired

The server has moved on; the page needs a fresh start.